 Dungeon Crawl Stone Soup version 0.30-a0-1075-gcd70e7a56d (webtiles) character file.

Game seed: 8549381915646425437

1397 Chaicat the Chopper (level 8, -8/73 HPs)
             Began as a Minotaur Berserker on Apr 14, 2023.
             Was a Believer of Trog.
             Killed from afar by an acid dragon (27 damage)
             ... with a splash of acid
             ... on level 6 of the Dungeon.
             The game lasted 00:12:25 (5185 turns).

Chaicat the Chopper (Minotaur Berserker)            Turns: 5185, Time: 00:12:26

Health: -8/73      AC:  7    Str: 29    XL:     8   Next: 41%
Magic:  7/7        EV: 12    Int:  4    God:    Trog [**....]
Gold:   281        SH:  0    Dex: 11    Spells: 7/7 levels left

rFire   . . .      SeeInvis .    a - +1 hand axe
rCold   . . .      Faith    .    (no shield)
rNeg    . . .      Spirit   .    j - +0 scale mail
rPois   .          Reflect  .    (helmet restricted)
rElec   .          Rampage  .    (no cloak)
rCorr   .                        (no gloves)
Will    +....                    (no boots) Stlth
                                 (no amulet)
HPRegen 0.32/turn                n - ring of willpower
MPRegen 0.10/turn                m - +6 ring of strength

@: no status effects
A: horns 2, retaliatory headbutt
a: Renounce Religion, Berserk, Trog's Hand


You were on level 6 of the Dungeon.
You worshipped Trog.
Trog was pleased with you.
You visited 1 branch of the dungeon, and saw 7 of its levels.

You collected 281 gold pieces.

Inventory:

Hand Weapons
 a - a +1 hand axe (weapon)
Armour
 j - a +0 scale mail (worn)
Jewellery
 i - a ring of positive energy
 m - a +6 ring of strength (right hand)
 n - a ring of willpower (left hand)
 p - a +4 ring of protection
Wands
 o - a wand of digging (1)
Scrolls
 b - 2 scrolls of blinking
Potions
 c - 8 potions of curing
 d - a potion of mutation
 e - a potion of might {unknown}
 f - 2 potions of magic
 g - 2 potions of resistance {unknown}
 h - a potion of degeneration {unknown}
 k - a potion of brilliance {unknown}
 l - 3 potions of lignification {unknown}


   Skills:
 + Level 7.2 Fighting
 + Level 7.2 Axes
 + Level 6.6 Armour
 + Level 6.0 Dodging


You had 7 spell levels left.
You didn't know any spells.
Your spell library was empty.

Dungeon Overview and Level Annotations

Branches:
Dungeon (7/15)             Temple (0/1) D:4

Altars:
Cheibriados

Shops:
D:1 ?


Innate Abilities, Weirdness & Mutations

You have a pair of horns on your head.
You reflexively headbutt those who attack you in melee.


Message History

The ogre barely misses you.
You slash the ogre!
The ogre is moderately wounded.
The ogre hits you with a +0 giant club!
You slash the ogre!
The ogre is severely wounded.
You hit the ogre but do no damage. You headbutt the ogre.
The ogre is severely wounded.
The ogre hits you with a +0 giant club!
You barely miss the ogre.
The ogre is severely wounded.
The ogre hits you with a +0 giant club!
You are too injured to fight recklessly!
You are too injured to fight recklessly!
You hit the ogre.
The ogre is severely wounded.
You hit the ogre.
The ogre is almost dead.
The ogre hits you with a +0 giant club!!
* * * LOW HITPOINT WARNING * * *
You hit the ogre.
You kill the ogre!
Trog accepts your kill.
The orc wizard sings a few bars from the Orcish anthem.
Your Dodging skill increases to level 6!
You hit the orc wizard.
The orc wizard is moderately wounded.
The orc wizard closely misses you. You furiously retaliate!
You headbutt the orc wizard!
You kill the orc wizard!
Trog accepts your kill.
Trog appreciates your killing of a magic user.
You start resting.
An acid dragon comes into view.
You fail to use your ability.
You start resting.
An acid dragon is nearby!
The acid dragon spits acid at you. The splash of acid hits you!!
You die...

...... ....
.....##...##..# ....
..............
#....#..............
....... ............
....... ... ......
#..... ##)##...#
#....##..#D.#
#.........@#
##........##
####<....# #.??.##
##...# ###.# #.# ...
...


You could see an acid dragon (catching breath).

Vanquished Creatures
  Prince Ribbit (D:6)
  A black bear (D:5)
  2 ogres
  2 centaurs
  A phantom (D:5)
  5 scorpions (D:5)
  2 jellies
  3 hounds
  2 sleepcaps
  An orc wizard (D:6)
  2 iguanas (D:4)
  5 adders
  A worm (D:2)
  4 dart slugs
  5 orcs
  7 ball pythons
  5 endoplasms
  5 giant cockroaches
  8 goblins
  7 hobgoblins
  7 kobolds
  3 quokkas
  3 bats
  2 frilled lizards
  8 rats
92 creatures vanquished.

Notes
Turn   | Place    | Note
-------+----------+-------------------------------------------
     0 | D:1      | Chaicat the Minotaur Berserker began the quest for the Orb.
     0 | D:1      | Reached XP level 1. HP: 19/19 MP: 0/0
    49 | D:1      | Found Huawu's Magic Scroll Emporium.
   244 | D:1      | Reached XP level 2. HP: 27/27 MP: 1/1
   718 | D:2      | Reached XP level 3. HP: 27/33 MP: 2/2
  1190 | D:2      | Reached ** piety under Trog
  1432 | D:3      | Reached XP level 4. HP: 37/40 MP: 3/3
  2188 | D:4      | Reached XP level 5. HP: 41/47 MP: 4/4
  2248 | D:4      | Reached skill level 5 in Fighting
  2490 | D:4      | You fall into a shaft and drop 2 floors!
  2516 | D:6      | Noticed a centaur
  2553 | D:6      | Reached skill level 5 in Axes
  2563 | D:6      | Killed a centaur
  2564 | D:6      | Reached XP level 6. HP: 28/56 MP: 5/5
  2678 | D:6      | Noticed Prince Ribbit
  2736 | D:6      | Killed Prince Ribbit
  2737 | D:6      | Reached skill level 5 in Armour
  2737 | D:6      | Reached XP level 7. HP: 15/62 MP: 6/6
  2754 | D:5      | Entered Level 5 of the Dungeon
  3257 | D:4      | Found a staircase to the Ecumenical Temple.
  4020 | D:5      | Found a snail-covered altar of Cheibriados.
  4187 | D:5      | Reached skill level 5 in Dodging
  4416 | D:5      | Reached XP level 8. HP: 43/71 MP: 7/7
  4590 | D:5      | Identified the +1 helmet of Ullitzu {*Slow rElec rF++
                  | Regen+}
  5185 | D:6      | Killed from afar by an acid dragon

Illustrated notes

Levels and vault maps discovered:
D:1:      dpeg_arrival_shrine, layout_basic, serial_shops, shop
D:2:      layout_loops_cross, minmay_tetromino_t4
D:3:      layout_basic, st_stairs_13, grunt_ministairs_1
D:4:      layout_layer_cave, minmay_temple_entry_trees, serial_rivers,
          chequers_serial_rivers_room_a, chequers_serial_rivers_micro_b,
          chequers_serial_rivers_micro_e, chequers_serial_rivers_small_b
D:5:      layout_layer_cave, kennysheep_slug_shrine, kennysheep_nondescript,
          amcnicky_mini_corridor_feature, kennysheep_small_circle
D:6:      layout_cave_pools, minmay_manual_moon, uniq_prince_ribbit1,
          uniq_blork_the_orc
D:7:      nicolae_BIG_FREAKIN_CUBE, layout_loops_ring, tgw_trog, enter_bailey_5,
          uniq_maggie

Skill      XL: |  1  2  3  4  5  6  7  8 |
---------------+-------------------------+-----
Fighting       | 4 5 6 7 |  7.2
Armour         | 3 4 5 6 |  6.6
Axes           | 4 5 6 7 |  7.2
Dodging        | 3 4 5 6 |  6.0

Action                     |  1- 3 |  4- 6 |  7- 9 || total
---------------------------+-------+-------+-------++-------
  Melee: Hand axe          |    78 |    95 |    72 ||   245
         Headbutt          |     9 |    16 |    14 ||    39
 Invoke: Trog's Hand       |       |     3 |       ||     3
         Berserk           |       |     1 |       ||     1
    Use: Scroll            |     8 |     2 |     2 ||    12
         Potion            |       |     2 |       ||     2
 Armour: Animal skin       |    11 |       |       ||    11
         Scale mail        |     3 |    34 |    18 ||    55
  Dodge: Dodged            |    50 |    53 |    45 ||   148

Table legend: (Time is in decaauts)
 A = Elapsed time spent in this place.
 B = Non-inter-level travel time spent in this place.
 C = Inter-level travel time spent in this place.
 D = Time resting spent in this place.
 E = Time spent auto-exploring this place.
 F = Levels seen in this place.
 G = Mean time per level.
                   A        B        C        D        E       F      G
               +--------+--------+--------+--------+--------+-----+--------+
         Total |   5211 |   5064 |    147 |    410 |   3845 |   7 |  744.4 |
       Dungeon |   5211 |   5064 |    147 |    410 |   3845 |   7 |  744.4 |
               +--------+--------+--------+--------+--------+-----+--------+

Top non-repeatable levels by time:
     D:5: 1499 daAuts
     D:4: 1248 daAuts
     D:2: 759 daAuts
     D:3: 705 daAuts
     D:1: 697 daAuts
     D:6: 281 daAuts
     D:7: 20 daAuts
